PAA
ASHEVILLE HIGHLANDERS @ MERCER ISLAND SCREAMING EAGLES
08/17/2028
 
TOP OF THE 1ST
Asheville Highlanders batting - Pitching for Mercer Island Screaming Eagles : RHP Panda Montana
Pitching: RHP Panda Montana
Batting: RHB Paco Muńóz 0-0: Called Strike
0-1: Ball
1-1: Ground out 6-3 (Groundball, 56)
Batting: RHB Miguel Montoya 0-0: Ball
1-0: Ball
2-0: Ball
3-0: Called Strike
3-1: Foul Ball, location: 2F
3-2: SINGLE (Popup, 5D)
Batting: RHB Rich Flannery 0-0: Ball
1-0: Fly out, F8 (Flyball, 8RM)
Batting: RHB Chris Oudekirk 0-0: Ball
1-0: Ground out 6-3 (Groundball, 6MS)
Top of the 1st over - 0 run(s), 1 hit(s), 0 error(s), 1 left on base; Asheville 0 - Mercer Island 0
BOTTOM OF THE 1ST
Mercer Island Screaming Eagles batting - Pitching for Asheville Highlanders : RHP Elend Venture
Pitching: RHP Elend Venture
Batting: LHB Jacob Herman 0-0: Foul Ball, location: 2F
0-1: Ball
1-1: Swinging Strike
1-2: Ball
2-2: DOUBLE (Flyball, 78D)
Batting: RHB António Ramírez 0-0: Called Strike
0-1: Ground out 4-3 (Groundball, 4M)
Jacob Herman to third
Batting: RHB Leonardo Ramírez 0-0: Ground out U3 (Groundball, 34)
Jacob Herman scores
Batting: LHB Ramiro Ramos 0-0: Ball
1-0: Ball
2-0: Ball
3-0: Base on Balls
Batting: RHB Kade Knowles 0-0: Foul Ball, location: 2F
0-1: Ball
Ramiro Ramos is caught stealing 2nd base
Bottom of the 1st over - 1 run(s), 1 hit(s), 0 error(s), 0 left on base; Asheville 0 - Mercer Island 1
TOP OF THE 2ND
Asheville Highlanders batting - Pitching for Mercer Island Screaming Eagles : RHP Panda Montana
Batting: RHB Jan Gosselin 0-0: Called Strike
0-1: Foul Ball, location: 2F
0-2: SINGLE (Groundball, 56D)
Batting: RHB Armando González 0-0: Ball
1-0: Swinging Strike
1-1: Ball
2-1: Called Strike
2-2: Strikes out looking
Batting: RHB Ed Lastinger 0-0: Ball
1-0: Ball
2-0: Foul Ball, location: 2F
2-1: Foul Ball, location: 2F
2-2: Foul Ball, location: 2F
2-2: Foul Ball, location: 2F
2-2: SINGLE (Groundball, 56D)
Jan Gosselin to second
Batting: RHB Bill Tan 0-0: Reached on error, E5 (Groundball, 5)
Jan Gosselin to third
Ed Lastinger to second
Batting: RHB Marshall Attwood 0-0: Ball
1-0: Foul Ball, location: 2F
1-1: Foul Ball, location: 2F
1-2: Strikes out swinging
Batting: RHB Paco Muńóz 0-0: Swinging Strike
0-1: Foul Ball, location: 2F
0-2: Ball
1-2: Strikes out swinging
Top of the 2nd over - 0 run(s), 2 hit(s), 1 error(s), 3 left on base; Asheville 0 - Mercer Island 1
BOTTOM OF THE 2ND
Mercer Island Screaming Eagles batting - Pitching for Asheville Highlanders : RHP Elend Venture
Batting: RHB Kade Knowles 0-0: Ball
1-0: Ball
2-0: Foul Ball, location: 2F
2-1: Swinging Strike
2-2: Strikes out swinging
Batting: RHB Martinus Xhaka 0-0: Ball
1-0: Called Strike
1-1: Ball
2-1: Ground out 6-3 (Groundball, 6S)
Batting: RHB Raúl Chávez 0-0: Ball
1-0: Called Strike
1-1: SOLO HOME RUN (Flyball, 89XD), Distance : 432 ft
Batting: RHB Francisco Agámez 0-0: Ball
1-0: Called Strike
1-1: Foul Ball, location: 2F
1-2: Ball
2-2: Ground out 5-3 (Groundball, 5S)
Bottom of the 2nd over - 1 run(s), 1 hit(s), 0 error(s), 0 left on base; Asheville 0 - Mercer Island 2
TOP OF THE 3RD
Asheville Highlanders batting - Pitching for Mercer Island Screaming Eagles : RHP Panda Montana
Batting: RHB Miguel Montoya 0-0: Ball
1-0: Foul Ball, location: 2F
1-1: Foul Ball, location: 2F
1-2: Ball
2-2: Foul Ball, location: 2F
2-2: Fly out, F7 (Flyball, 7)
Batting: RHB Rich Flannery 0-0: Foul Ball, location: 2F
0-1: Ball
1-1: Foul Ball, location: 2F
1-2: Ground out 6-3 (Groundball, 6)
Batting: RHB Chris Oudekirk 0-0: Foul Ball, location: 2F
0-1: Called Strike
0-2: Foul Ball, location: 2F
0-2: Ball
1-2: Strikes out swinging
Top of the 3rd over - 0 run(s), 0 hit(s), 0 error(s), 0 left on base; Asheville 0 - Mercer Island 2
BOTTOM OF THE 3RD
Mercer Island Screaming Eagles batting - Pitching for Asheville Highlanders : RHP Elend Venture
Batting: SHB Silas Floyd 0-0: Swinging Strike
0-1: Swinging Strike
0-2: Fly out, F8 (Flyball, 8RS)
Batting: LHB Jacob Herman 0-0: Called Strike
0-1: Fly out, F7 (Flyball, 7LM)
Batting: RHB António Ramírez 0-0: Swinging Strike
0-1: Ball
1-1: Ball
2-1: Ground out 6-3 (Groundball, 6)
Bottom of the 3rd over - 0 run(s), 0 hit(s), 0 error(s), 0 left on base; Asheville 0 - Mercer Island 2
TOP OF THE 4TH
Asheville Highlanders batting - Pitching for Mercer Island Screaming Eagles : RHP Panda Montana
Batting: RHB Jan Gosselin 0-0: Ball
1-0: Ball
2-0: Swinging Strike
2-1: Ball
3-1: Base on Balls
Batting: RHB Armando González 0-0: Foul Ball, location: 2F
0-1: Ball
1-1: Ground out 5-3 (Groundball, 56S)
Jan Gosselin to second
Batting: RHB Ed Lastinger 0-0: Called Strike
0-1: Fly out, F4 (Line Drive, 4)
Lined into DP, 4-6 (Line Drive, 4)
Top of the 4th over - 0 run(s), 0 hit(s), 0 error(s), 0 left on base; Asheville 0 - Mercer Island 2
BOTTOM OF THE 4TH
Mercer Island Screaming Eagles batting - Pitching for Asheville Highlanders : RHP Elend Venture
Batting: RHB Leonardo Ramírez 0-0: Ball
1-0: Ground out 1-3 (Groundball, P)
Batting: LHB Ramiro Ramos 0-0: Called Strike
0-1: Called Strike
0-2: Ball
1-2: Fly out, F9 (Flyball, 9LS)
Batting: RHB Kade Knowles 0-0: Called Strike
0-1: Ball
1-1: Ball
2-1: Ball
3-1: Fly out, F9 (Flyball, 9)
Bottom of the 4th over - 0 run(s), 0 hit(s), 0 error(s), 0 left on base; Asheville 0 - Mercer Island 2
TOP OF THE 5TH
Asheville Highlanders batting - Pitching for Mercer Island Screaming Eagles : RHP Panda Montana
Batting: RHB Bill Tan 0-0: Foul Ball, location: 2F
0-1: Foul Ball, location: 2F
0-2: Ball
1-2: Strikes out swinging
Batting: RHB Marshall Attwood 0-0: Called Strike
0-1: Ball
1-1: Ball
2-1: Fly out, F7 (Flyball, 7LMF)
Batting: RHB Paco Muńóz 0-0: SOLO HOME RUN (Flyball, 7D), Distance : 388 ft
Batting: RHB Miguel Montoya 0-0: Called Strike
0-1: Foul Ball, location: 2F
0-2: Ball
1-2: Foul Ball, location: 2F
1-2: Strikes out swinging
Top of the 5th over - 1 run(s), 1 hit(s), 0 error(s), 0 left on base; Asheville 1 - Mercer Island 2
BOTTOM OF THE 5TH
Mercer Island Screaming Eagles batting - Pitching for Asheville Highlanders : RHP Elend Venture
Batting: RHB Martinus Xhaka 0-0: SINGLE (Groundball, 6MD)
Batting: RHB Raúl Chávez 0-0: Ball
1-0: Bunted foul
1-1: Bunted foul
1-2: Foul Ball, location: 2F
1-2: Fly out, F9 (Flyball, 9)
Batting: RHB Francisco Agámez 0-0: Swinging Strike
0-1: Ball
1-1: Called Strike
1-2: Ball
2-2: SINGLE (Groundball, 56D)
Martinus Xhaka to second
Batting: SHB Silas Floyd 0-0: Called Strike
0-1: Ball
1-1: Ball
Wild Pitch!
Martinus Xhaka to third
Francisco Agámez to second
2-1: Ball
3-1: Foul Ball, location: 2F
3-2: Base on Balls
Batting: LHB Jacob Herman 0-0: Ball
1-0: Called Strike
1-1: Ball
2-1: Ball
3-1: Foul Ball, location: 2F
3-2: SINGLE (Line Drive, 7S)
Martinus Xhaka scores
Francisco Agámez to third
Silas Floyd to second
Batting: RHB António Ramírez 0-0: Fly out, F2 (Popup, 3S)
Batting: RHB Leonardo Ramírez 0-0: Called Strike
0-1: Foul Ball, location: 2F
0-2: Ball
1-2: Foul Ball, location: 2F
1-2: Strikes out swinging
Bottom of the 5th over - 1 run(s), 3 hit(s), 0 error(s), 3 left on base; Asheville 1 - Mercer Island 3
TOP OF THE 6TH
Asheville Highlanders batting - Pitching for Mercer Island Screaming Eagles : RHP Panda Montana
Batting: RHB Rich Flannery 0-0: Ball
1-0: Called Strike
1-1: Called Strike
1-2: Foul Ball, location: 2F
1-2: Strikes out swinging, 2-3 out at first.
Batting: RHB Chris Oudekirk 0-0: Ball
1-0: Foul Ball, location: 2F
1-1: Foul Ball, location: 2F
1-2: Ball
2-2: Fly out, F9 (Flyball, 89D)
Batting: RHB Jan Gosselin 0-0: Called Strike
0-1: Called Strike
0-2: Ball
1-2: Ball
2-2: Ball
3-2: SINGLE (Flyball, 89S)
Batting: RHB Armando González 0-0: Ball
1-0: Fly out, F7 (Line Drive, 7)
Top of the 6th over - 0 run(s), 1 hit(s), 0 error(s), 1 left on base; Asheville 1 - Mercer Island 3
BOTTOM OF THE 6TH
Mercer Island Screaming Eagles batting - Pitching for Asheville Highlanders : RHP Elend Venture
Batting: LHB Ramiro Ramos 0-0: Ball
1-0: Fly out, F8 (Flyball, 78M)
Batting: RHB Kade Knowles 0-0: Swinging Strike
0-1: Ball
1-1: Ball
2-1: Ball
3-1: Called Strike
3-2: Ground out 4-3 (Groundball, 4)
Batting: RHB Martinus Xhaka 0-0: Ball
1-0: Fly out, F4 (Line Drive, 4M)
Bottom of the 6th over - 0 run(s), 0 hit(s), 0 error(s), 0 left on base; Asheville 1 - Mercer Island 3
TOP OF THE 7TH
Asheville Highlanders batting - Pitching for Mercer Island Screaming Eagles : RHP Panda Montana
Batting: RHB Ed Lastinger 0-0: Called Strike
0-1: Ball
1-1: Ball
2-1: Called Strike
2-2: Foul Ball, location: 2F
2-2: Ball
3-2: Foul Ball, location: 2F
3-2: Fly out, F8 (Flyball, 8LM)
Batting: RHB Bill Tan 0-0: Foul Ball, location: 2F
0-1: Swinging Strike
0-2: Ball
1-2: Ball
2-2: Foul Ball, location: 2F
2-2: Strikes out swinging
Batting: RHB Marshall Attwood 0-0: Ball
1-0: Ball
2-0: SOLO HOME RUN (Flyball, 7D), Distance : 399 ft
Batting: RHB Paco Muńóz 0-0: Ball
1-0: Foul Ball, location: 2F
1-1: Ball
2-1: Ball
3-1: Foul Ball, location: 2F
3-2: Fly out, F9 (Flyball, 9S)
Top of the 7th over - 1 run(s), 1 hit(s), 0 error(s), 0 left on base; Asheville 2 - Mercer Island 3
BOTTOM OF THE 7TH
Mercer Island Screaming Eagles batting - Pitching for Asheville Highlanders : RHP Elend Venture
Batting: RHB Raúl Chávez 0-0: Ball
1-0: SINGLE (Groundball, 2L) (infield hit)
Pinch Hitting: RHB Cristo González 0-0: Swinging Strike
0-1: Bunted foul
0-2: Foul Ball, location: 2F
0-2: Ball
1-2: Foul Ball, location: 2F
1-2: Ball
2-2: Foul Ball, location: 2F
2-2: Ball
3-2: Foul Ball, location: 2F
3-2: SINGLE (Groundball, 6MD)
Raúl Chávez to second
Runner from 2nd tries for 3rd, SAFE, no throw
Pitching: RHP Luis López
Batting: SHB Silas Floyd 0-0: Ball
1-0: Ball
Cristo González steals 2nd base
2-0: Ball
3-0: Called Strike
3-1: Base on Balls
Batting: LHB Jacob Herman 0-0: Ball
1-0: Ball
2-0: Foul Ball, location: 2F
2-1: Foul Ball, location: 2F
2-2: Foul Ball, location: 2F
2-2: Ball
3-2: Base on Balls
Raúl Chávez scores
Cristo González to third
Silas Floyd to second
Batting: RHB António Ramírez 0-0: Fly out, F7 (Flyball, 7S)
Batting: RHB Leonardo Ramírez 0-0: Ball
1-0: Swinging Strike
1-1: Swinging Strike
1-2: Grounds into double play, 5-2-3 (Groundball, 5)
Bottom of the 7th over - 1 run(s), 2 hit(s), 0 error(s), 2 left on base; Asheville 2 - Mercer Island 4
TOP OF THE 8TH
Asheville Highlanders batting - Pitching for Mercer Island Screaming Eagles : RHP Panda Montana
Pitching: RHP Alberto Reyes
Now at 2B: Cristo González
Batting: RHB Miguel Montoya 0-0: Ball
1-0: Ball
2-0: Ball
3-0: Called Strike
3-1: Base on Balls
Batting: RHB Rich Flannery 0-0: Ball
1-0: Called Strike
1-1: Ball
2-1: Foul Ball, location: 2F
2-2: Foul Ball, location: 2F
2-2: SINGLE (Line Drive, 56D)
Miguel Montoya to second
Batting: RHB Chris Oudekirk 0-0: Called Strike
0-1: Ball
1-1: Foul Ball, location: 2F
1-2: DOUBLE (Flyball, 89M)
Miguel Montoya scores
Rich Flannery to third
Pinch Hitting: SHB Mark Towns 0-0: Called Strike
0-1: Called Strike
0-2: Ground out 6-3 (Groundball, 56)
Batting: RHB Armando González 0-0: DOUBLE (Line Drive, 7LM)
Rich Flannery scores
Chris Oudekirk scores
Batting: RHB Ed Lastinger 0-0: Intentional Walk
Pitching: RHP Paris Nowlin
Batting: RHB Bill Tan 0-0: Grounds into double play, 4-6-3 (Groundball, 4)
Top of the 8th over - 3 run(s), 3 hit(s), 0 error(s), 1 left on base; Asheville 5 - Mercer Island 4
BOTTOM OF THE 8TH
Mercer Island Screaming Eagles batting - Pitching for Asheville Highlanders : RHP Luis López
Pitching: RHP Luis De La Hoya
Now in LF: Ron Spence
Batting: LHB Ramiro Ramos 0-0: Foul Ball, location: 2F
0-1: SINGLE (Line Drive, 7S)
Batting: RHB Kade Knowles 0-0: Ball
1-0: Called Strike
1-1: Swinging Strike
1-2: Fly out, F9 (Flyball, 9S)
Batting: RHB Martinus Xhaka 0-0: Fly out, F8 (Flyball, 8RM)
Batting: RHB Raúl Chávez 0-0: Ball
1-0: Foul Ball, location: 2F
1-1: SINGLE (Line Drive, 56D)
Ramiro Ramos to second
Batting: RHB Cristo González 0-0: Foul Ball, location: 2F
0-1: Foul Ball, location: 2F
0-2: Ball
1-2: Fly out, F7 (Flyball, 78S)
Bottom of the 8th over - 0 run(s), 2 hit(s), 0 error(s), 2 left on base; Asheville 5 - Mercer Island 4
TOP OF THE 9TH
Asheville Highlanders batting - Pitching for Mercer Island Screaming Eagles : RHP Paris Nowlin
Batting: RHB Marshall Attwood 0-0: Ball
1-0: Ball
2-0: Ball
3-0: Called Strike
3-1: Ground out 6-3 (Groundball, 6)
Batting: RHB Paco Muńóz 0-0: Called Strike
0-1: Ball
1-1: Ball
2-1: Foul Ball, location: 2F
2-2: Ball
3-2: Foul Ball, location: 2F
3-2: Base on Balls
Batting: RHB Miguel Montoya 0-0: Ball
1-0: Ball
2-0: Fly out, F6 (Popup, 6D)
Batting: RHB Rich Flannery 0-0: Called Strike
0-1: Ball
1-1: SINGLE (Line Drive, 78S)
Paco Muńóz to second
Batting: RHB Chris Oudekirk 0-0: Ball
1-0: Swinging Strike
1-1: SINGLE (Groundball, 56D)
Paco Muńóz to third
Rich Flannery to second
Runner from 3rd tries for Home, SAFE, no throw
Batting: RHB Ron Spence 0-0: Called Strike
0-1: Ball
1-1: Ball
2-1: Ball
3-1: Called Strike
3-2: SINGLE (Line Drive, 6MD)
Rich Flannery to third
Chris Oudekirk to second
Rich Flannery scores
Chris Oudekirk to third
Pitching: RHP Mark Deeds
Batting: RHB Armando González 0-0: Called Strike
0-1: Foul Ball, location: 2F
0-2: Fly out, F9 (Flyball, 9)
Top of the 9th over - 2 run(s), 3 hit(s), 0 error(s), 2 left on base; Asheville 7 - Mercer Island 4
BOTTOM OF THE 9TH
Mercer Island Screaming Eagles batting - Pitching for Asheville Highlanders : RHP Luis De La Hoya
Pitching: RHP Brandon McAllister
Batting: SHB Silas Floyd 0-0: Called Strike
0-1: Ball
1-1: Swinging Strike
1-2: Strikes out swinging, 2-3 out at first.
Batting: LHB Jacob Herman 0-0: Called Strike
0-1: SINGLE (Groundball, 4S) (infield hit)
Batting: RHB António Ramírez 0-0: 2-RUN HOME RUN (Flyball, 7LD), Distance : 376 ft
Batting: RHB Leonardo Ramírez 0-0: SINGLE (Flyball, 8RS)
Batting: LHB Ramiro Ramos 0-0: Ball
1-0: Called Strike
1-1: Foul Ball, location: 2F
1-2: Ground out U3 (Groundball, 34)
Leonardo Ramírez to second
Batting: RHB Kade Knowles 0-0: Ball
1-0: Foul Ball, location: 2F
1-1: Swinging Strike
1-2: Ground out 6-3 (Groundball, 6MS)
Bottom of the 9th over - 2 run(s), 3 hit(s), 0 error(s), 1 left on base; Asheville 7 - Mercer Island 6
Friday, August 25th, 2017 - OOTP Baseball 17.12 Build 75